[Event "Titled Tuesday Blitz January 17 Early 2023"]
[White "Samaganova, Aleksandra"]
[Black "Ruiz Aguilar, Pablo Alexander"]
[WhiteFideId "13800221"]
[BlackFideId "4401352"]
[WhiteElo "1856"]
[BlackElo "2161"]
[Result "1-0"]
[Round "08"]
[TimeControl "180+2"]
[Date "2023.01.17"]
[WhiteClock "0:00:10"]
[BlackClock "0:00:12"]

1. c4 c6 2. Nf3 d5 3. e3 e6 4. Nc3 Nf6 5. d4 Nbd7 6. Bd3 Bd6 7. O-O Qe7 8. Re1 O-O 9. e4 dxc4 10. Bxc4 e5 11. d5 Nb6 12. Bb3 Bg4 13. h3 Bh5 14. Bg5 h6 15. Bh4 g5 16. Bg3 Bg6 17. dxc6 bxc6 18. Qe2 Rfd8 19. Red1 a5 20. a3 a4 21. Ba2 Kg7 22. Rac1 Nh5 23. Bh2 Rab8 24. Rd2 f6 25. Rcd1 Bc5 26. g4 Nf4 27. Bxf4 exf4 28. Rxd8 Rxd8 29. Rxd8 Qxd8 30. e5 Qd3 31. exf6+ Kf8 32. Ne5 Qg3+ 33. Kf1 Qxh3+ 34. Ke1 Qh1+ 35. Kd2 Be8 36. f7 Bxf7 37. Nxf7 Qa1 38. Kc2 Qg1 39. Ne4 Be7 40. Nxh6 Nd5 41. Nf5 Qa1 42. Bxd5 cxd5 43. Nxe7 Qa2 44. Nc5 Qc4+ 45. Qxc4 dxc4 46. Nf5 Kf7 47. Kc3 Kf6 48. Kxc4 Ke5 49. Kd3 f3 50. Ke3 Kd5 51. Nxa4 Kc4 52. Kxf3 Kb3 53. Nc5+ Kxb2 54. Ne6 Kxa3 55. Nxg5 Kb4 56. Ne4 Kb5 57. Kf4 Kc6 58. Ke5 Kd7 59. Kf6 Ke8 60. Kg7 Kd7 61. Kf7 Kc6 62. g5 Kd5 63. g6 Kxe4 64. Nh4 Kf4 65. Ng2+ Kf3 66. Ne1+ Kxf2 67. g7 Kxe1 68. g8=Q Kd2 69. Qg3 Kc2 70. Ke6 Kb2 71. Kd5 Ka2 72. Qb8 Ka3 73. Kc4 Ka2 74. Kc3 Ka1 75. Qb2# 1-0


[Site "https://www.chess.com"]

[Event "Titled Tuesday Blitz January 17 Early 2023"]
[White "Cramling Bellon, Anna"]
[Black "Wilson, Elvin"]
[WhiteFideId "32009232"]
[BlackFideId "2014874"]
[WhiteElo "2043"]
[BlackElo "2183"]
[Result "1-0"]
[Round "08"]
[TimeControl "180+2"]
[Date "2023.01.17"]
[WhiteClock "0:00:02"]
[BlackClock "0:00:02"]

1. d4 Nf6 2. c4 e6 3. Nc3 Bb4 4. Qc2 O-O 5. e4 d5 6. cxd5 exd5 7. e5 Ne4 8. Bd3 c5 9. Nf3 cxd4 10. Nxd4 Nd7 11. f4 Ndc5 12. O-O Nxd3 13. Qxd3 Bxc3 14. bxc3 Qc7 15. Bb2 Qc4 16. Qxc4 dxc4 17. Rfe1 f5 18. exf6 Nxf6 19. Ba3 Rf7 20. Nb5 h6 21. Nd6 Rc7 22. f5 Bd7 23. Re7 Rc6 24. Nxb7 Bxf5 25. Rd1 Re8 26. Rxe8+ Nxe8 27. Rd8 Kf7 28. Rb8 Nf6 29. Nd8+ Kg6 30. Nxc6 Bd3 31. Nd4 Ne4 32. Bb4 Nd2 33. g3 Bb1 34. Kf2 Bxa2 35. Rb7 Ne4+ 36. Ke3 Nf6 37. Rxa7 Nd5+ 38. Kd2 Bb1 39. Ra6+ Kh7 40. Ra5 Be4 41. Ne6 Nf6 42. Nf4 Bf5 43. Rxf5 Ne4+ 44. Ke3 g5 45. Kxe4 1-0


[Site "https://www.chess.com"]

[Event "Titled Tuesday Blitz January 17 Early 2023"]
[White "Cueto, Jonny"]
[Black "Topalov, Aleksandar"]
[WhiteFideId "3300145"]
[BlackFideId "925659"]
[WhiteElo "2122"]
[BlackElo "2233"]
[Result "0-1"]
[Round "08"]
[TimeControl "180+2"]
[Date "2023.01.17"]
[WhiteClock "0:00:06"]
[BlackClock "0:01:02"]

1. d4 Nf6 2. Bf4 e6 3. Nf3 Bd6 4. Ne5 O-O 5. e3 Nd5 6. Bd3 Nxf4 7. exf4 f5 8. Nd2 Nc6 9. Ndf3 Nxe5 10. fxe5 Be7 11. Qe2 b6 12. O-O-O Bb7 13. Rhg1 Qe8 14. h3 Qg6 15. g4 Qh6+ 16. Kb1 fxg4 17. Nh2 gxh3 18. Ng4 Qh4 19. Rg3 Rf4 20. Rdg1 Kh8 21. Nh2 Bg2 22. f3 Qxg3 23. Nf1 Qxf3 24. Qd1 Qxd1# 0-1


[Site "https://www.chess.com"]

[Event "Titled Tuesday Blitz January 17 Early 2023"]
[White "Dilmukhametov, Artur"]
[Black "Fernandez Siles, Luis"]
[WhiteFideId "24179922"]
[BlackFideId "2209420"]
[WhiteElo "2276"]
[BlackElo "2218"]
[Result "0-1"]
[Round "08"]
[TimeControl "180+2"]
[Date "2023.01.17"]
[WhiteClock "0:01:32"]
[BlackClock "0:01:02"]

1. d4 Nf6 2. Nc3 d5 3. Bf4 c6 4. Nf3 g6 5. e3 Bg4 6. h3 Bxf3 7. Qxf3 Bg7 8. Bd3 O-O 9. g4 Nfd7 10. O-O-O e5 11. dxe5 Nxe5 12. Qg3 Nxd3+ 13. Rxd3 Qa5 14. g5 Nd7 15. h4 Nc5 16. Rd2 Bxc3 17. Rd3 Nxd3+ 18. cxd3 Bg7 19. h5 Qxa2 20. Rh2 Qxb2+ 21. Kd1 Qb1+ 22. Ke2 Qc2+ 23. Kf3 Qxd3 24. hxg6 fxg6 25. Qh3 Rxf4+ 26. Kxf4 Qe4+ 27. Kg3 Be5+ 28. f4 Qxe3+ 29. Kg2 Qxh3+ 0-1


[Site "https://www.chess.com"]

[Event "Titled Tuesday Blitz January 17 Early 2023"]
[White "De Souza, Cristiano Gomes"]
[Black "Carrasco Miranda, Andres"]
[WhiteFideId "2151758"]
[BlackFideId "3405990"]
[WhiteElo "2018"]
[BlackElo "2240"]
[Result "0-1"]
[Round "08"]
[TimeControl "180+2"]
[Date "2023.01.17"]
[WhiteClock "0:01:45"]
[BlackClock "0:01:28"]

1. d4 Nf6 2. c4 g6 3. Nc3 d5 4. Bf4 Bg7 5. e3 O-O 6. Rc1 c5 7. dxc5 Be6 8. Nf3 Nc6 9. Ng5 Qa5 10. Nxe6 fxe6 11. Be2 e5 12. Bg3 d4 13. exd4 exd4 14. O-O dxc3 15. Rxc3 Qxc5 16. a3 Rad8 17. Qc1 Ne4 18. Re3 Nxg3 19. hxg3 Bh6 20. f4 Bg7 21. Kh2 e5 22. b4 Qe7 23. Bf3 Nd4 24. Bd5+ Kh8 25. Qd2 Nf5 26. Re4 Qc7 27. fxe5 Bxe5 0-1


[Site "https://www.chess.com"]

[Event "Titled Tuesday Blitz January 17 Early 2023"]
[White "Jenkins, Drake"]
[Black "Kaminski, Victor"]
[WhiteFideId "2022397"]
[BlackFideId "1131630"]
[WhiteElo "2130"]
[BlackElo "2247"]
[Result "1-0"]
[Round "08"]
[TimeControl "180+2"]
[Date "2023.01.17"]
[WhiteClock "0:01:41"]
[BlackClock "0:01:27"]

1. Nf3 Nf6 2. c4 e6 3. g3 d5 4. Bg2 Be7 5. O-O O-O 6. d3 c5 7. cxd5 exd5 8. d4 Nc6 9. dxc5 Bxc5 10. a3 Bf5 11. b4 Bb6 12. Bb2 Rc8 13. Nc3 Re8 14. Na4 Ne4 15. Rc1 Qd7 16. Nxb6 axb6 17. Nh4 Bh3 18. Bxh3 Qxh3 19. Qxd5 Rcd8 20. Qb5 Rd2 21. Ba1 Nd6 22. Qg5 1-0


[Site "https://www.chess.com"]

[Event "Titled Tuesday Blitz January 17 Early 2023"]
[White "Broca Jimenez, Fernando"]
[Black "Matveeva, Olga"]
[WhiteFideId "5104742"]
[BlackFideId "24107018"]
[WhiteElo "2075"]
[BlackElo "2128"]
[Result "1/2-1/2"]
[Round "08"]
[TimeControl "180+2"]
[Date "2023.01.17"]
[WhiteClock "0:00:23"]
[BlackClock "0:00:20"]

1. e4 e6 2. d4 d5 3. exd5 exd5 4. Bd3 Nf6 5. Nf3 c5 6. O-O c4 7. Re1+ Be7 8. Bf1 O-O 9. g3 Nc6 10. Bg2 Re8 11. Bg5 h6 12. Bf4 b5 13. Nbd2 Bb7 14. c3 a5 15. Ne5 b4 16. Nxc6 Bxc6 17. Be5 Qd7 18. Bxf6 Bxf6 19. Qf3 Rxe1+ 20. Rxe1 Re8 21. Rxe8+ Qxe8 22. Qe3 bxc3 23. Qxe8+ Bxe8 24. bxc3 Bc6 25. Nxc4 dxc4 26. Bxc6 Kf8 27. Bb5 Bg5 28. f4 Be7 29. Bxc4 Ba3 30. Kf2 Bb2 31. Ke3 Bxc3 32. h3 Ke7 33. g4 f6 34. Ke4 g5 35. fxg5 hxg5 36. a4 Kd6 37. Bb5 Bb2 38. d5 Bc3 39. Bc6 Bb2 40. Kf5 Bc3 41. Kg6 Bb2 42. Kh5 Bc3 43. h4 gxh4 44. Kxh4 Bb2 45. Kh5 Bc3 46. g5 fxg5 47. Kxg5 Bb4 48. Kf5 Bc3 49. Ke4 Bb4 50. Kd3 Be1 51. Kc4 Bd2 52. Kb5 Be1 53. Kc4 Bd2 54. Kb5 Be1 55. Kc4 1/2-1/2


[Site "https://www.chess.com"]

[Event "Titled Tuesday Blitz January 17 Early 2023"]
[White "Garmash, Aliona"]
[Black "Smietanska, Wiktoria"]
[WhiteFideId "34127620"]
[BlackFideId "21869359"]
[WhiteElo "2039"]
[BlackElo "1936"]
[Result "0-1"]
[Round "08"]
[TimeControl "180+2"]
[Date "2023.01.17"]
[WhiteClock "0:00:01"]
[BlackClock "0:00:14"]

1. d4 Nf6 2. c4 g6 3. Nc3 Bg7 4. e4 d6 5. Nf3 O-O 6. Be2 e5 7. Be3 Nc6 8. d5 Ne7 9. Nd2 Ne8 10. g4 f5 11. gxf5 gxf5 12. Bg5 h6 13. Bh4 f4 14. Rg1 Nf6 15. Bh5 Nxh5 16. Qxh5 Kh7 17. Nf3 Qe8 18. Qxe8 Rxe8 19. O-O-O Ng6 20. Nb5 Nxh4 21. Nxh4 Re7 22. Rg2 a6 23. Nc3 Bh3 24. Rg6 Rf8 25. Rdg1 Bf6 26. Nf3 Bd7 27. h4 Be8 28. R6g2 Bh5 29. Nh2 Bxh4 30. Nf1 Bg5 31. Rh2 Kg6 32. Kc2 Rg7 33. Nd2 c5 34. f3 b6 0-1


[Site "https://www.chess.com"]

[Event "Titled Tuesday Blitz January 17 Early 2023"]
[White "Cepo, Toni"]
[Black "Manon-og, Ramon Jr."]
[WhiteFideId "4675916"]
[BlackFideId "5200776"]
[WhiteElo "2145"]
[BlackElo "1999"]
[Result "1-0"]
[Round "08"]
[TimeControl "180+2"]
[Date "2023.01.17"]
[WhiteClock "0:00:15"]
[BlackClock "0:01:07"]

1. e4 c5 2. Nf3 d6 3. d4 cxd4 4. Nxd4 Nf6 5. Nc3 a6 6. h3 e5 7. Nb3 h5 8. Bg5 Be6 9. Bxf6 Qxf6 10. Nd5 Qd8 11. Bc4 Nd7 12. a4 Rc8 13. Nd2 Nb6 14. Nxb6 Qxb6 15. b3 Qd4 16. O-O Be7 17. Qe2 O-O 18. Rad1 Qc3 19. Bxe6 fxe6 20. Nc4 Rc6 21. Rd3 Qb4 22. Qxh5 b6 23. Rg3 b5 24. axb5 axb5 25. Qg6 Rf7 26. Ne3 Bf6 27. Ng4 Bh4 28. Nh6+ Kh8 29. Nxf7+ 1-0


[Site "https://www.chess.com"]

[Event "Titled Tuesday Blitz January 17 Early 2023"]
[White "Deev, Andrei"]
[Black "Kuchava, Ana"]
[WhiteFideId "4102690"]
[BlackFideId "13605348"]
[WhiteElo "2390"]
[BlackElo "2101"]
[Result "1-0"]
[Round "08"]
[TimeControl "180+2"]
[Date "2023.01.17"]
[WhiteClock "0:01:43"]
[BlackClock "0:00:12"]

1. e4 c5 2. Nf3 d6 3. c3 Nf6 4. Be2 Nc6 5. d4 cxd4 6. cxd4 d5 7. e5 Ne4 8. Nc3 Nxc3 9. bxc3 e6 10. Bd3 Be7 11. Qc2 g6 12. Bh6 Bf8 13. Bxf8 Kxf8 14. h4 h5 15. Ng5 Kg7 16. Rh3 Na5 17. Rf3 Rf8 18. Rf6 Nc4 19. Bxg6 Nd6 20. Bxh5 Nf5 21. g4 1-0


[Site "https://www.chess.com"]

[Event "Titled Tuesday Blitz January 17 Early 2023"]
[White "Grot, Blazej"]
[Black "Aung Thant Zin"]
[WhiteFideId "21835845"]
[BlackFideId "13000063"]
[WhiteElo "1990"]
[BlackElo "2268"]
[Result "1-0"]
[Round "08"]
[TimeControl "180+2"]
[Date "2023.01.17"]
[WhiteClock "0:00:09"]
[BlackClock "0:00:13"]

1. d4 Nf6 2. c4 e6 3. g3 d5 4. Bg2 Be7 5. Nf3 O-O 6. O-O dxc4 7. Qc2 a6 8. Qxc4 b5 9. Qc2 Bb7 10. Nbd2 Nc6 11. Rd1 Nxd4 12. Nxd4 Bxg2 13. Nxe6 fxe6 14. Kxg2 Qd5+ 15. Nf3 Qb7 16. Bg5 Rad8 17. Bxf6 Bxf6 18. a4 b4 19. Qc4 Bxb2 20. Rxd8 Rxd8 21. Qxe6+ Kh8 22. Rd1 Rg8 23. e4 Bf6 24. e5 Bd8 25. Qd7 Rf8 26. Qf7 Be7 27. Qh5 Qc6 28. h4 b3 29. Rb1 Qe4 30. Rxb3 g6 31. Qh6 c5 32. Re3 Qd5 33. h5 g5 34. Qxa6 g4 35. Qe2 Rxf3 36. Rxf3 gxf3+ 37. Qxf3 Qxf3+ 38. Kxf3 c4 39. Ke4 Bc5 40. f4 Kg8 41. g4 Kf7 42. f5 Ke7 43. g5 Kf7 44. g6+ hxg6 45. hxg6+ Kg7 46. a5 Ba7 47. a6 Bc5 48. Kf3 Bd4 49. Ke2 Kh6 50. Kd2 Kg5 51. g7 Kxf5 52. g8=Q Kxe5 53. Qxc4 1-0


[Site "https://www.chess.com"]

[Event "Titled Tuesday Blitz January 17 Early 2023"]
[White "Zaichenko, Daria"]
[Black "Ho, In Hei Henry"]
[WhiteFideId "4197453"]
[BlackFideId "6002552"]
[WhiteElo "2104"]
[BlackElo "1735"]
[Result "1-0"]
[Round "08"]
[TimeControl "180+2"]
[Date "2023.01.17"]
[WhiteClock "0:00:26"]
[BlackClock "0:01:03"]

1. e4 e6 2. d4 d5 3. Bd3 c5 4. c3 Nc6 5. Nf3 Nf6 6. e5 Nd7 7. O-O Be7 8. Be3 h6 9. Nfd2 Qb6 10. f4 c4 11. Be2 Qxb2 12. Nf3 Qxa1 13. Qc2 Bb4 14. cxb4 Nxb4 15. Qd2 Nd3 16. Bxd3 cxd3 17. Nc3 Qxf1+ 18. Kxf1 Nb6 19. Nb5 O-O 20. Qxd3 a6 21. Nd6 Nc4 22. Nxc4 dxc4 23. Qxc4 Bd7 24. Kf2 b5 25. Qc7 Be8 26. d5 exd5 27. Bc5 1-0


[Site "https://www.chess.com"]

[Event "Titled Tuesday Blitz January 17 Early 2023"]
[White "Mohammadian, Mohammad"]
[Black "Lakshmi C"]
[WhiteFideId "12566055"]
[BlackFideId "25035347"]
[WhiteElo "1398"]
[BlackElo "1928"]
[Result "1/2-1/2"]
[Round "08"]
[TimeControl "180+2"]
[Date "2023.01.17"]
[WhiteClock "0:00:43"]
[BlackClock "0:00:05"]

1. e4 c5 2. Nf3 Nc6 3. d4 cxd4 4. Nxd4 Nf6 5. Nc3 e5 6. Ndb5 d6 7. Bg5 a6 8. Na3 b5 9. Nd5 Be7 10. Nxe7 Nxe7 11. Bxf6 gxf6 12. c4 Qa5+ 13. Qd2 Qxd2+ 14. Kxd2 b4 15. Nc2 Rb8 16. b3 f5 17. Re1 fxe4 18. Rxe4 f5 19. Re1 Kf7 20. f3 Rd8 21. g4 fxg4 22. fxg4 Bxg4 23. Bg2 d5 24. Rhf1+ Kg8 25. cxd5 Nxd5 26. Bxd5+ Rxd5+ 27. Kc1 Bh5 28. Kb2 Bg6 29. Rf2 a5 30. Ne3 Rd3 31. Nc4 e4 32. Ne5 Rd4 33. Nxg6 hxg6 34. Rg2 Rb6 35. h4 Kh7 36. Rg4 Re6 37. Re3 Rd2+ 38. Kb1 Rf6 39. Rgxe4 Rf1+ 40. Re1 Rff2 41. Re7+ Kh6 42. Re8 Rb2+ 43. Ka1 Rxa2+ 44. Kb1 Rfb2+ 45. Kc1 Rf2 46. Kb1 Rab2+ 47. Kc1 Ra2 48. Kb1 1/2-1/2


[Site "https://www.chess.com"]

[Event "Titled Tuesday Blitz January 17 Early 2023"]
[White "Garrido, Denis"]
[Black "Ezat, Mohamed"]
[WhiteFideId "601217"]
[BlackFideId "10600906"]
[WhiteElo "2205"]
[BlackElo "2402"]
[Result "0-1"]
[Round "08"]
[TimeControl "180+2"]
[Date "2023.01.17"]
[WhiteClock "0:00:04"]
[BlackClock "0:00:06"]

1. e4 e6 2. d4 d5 3. e5 c5 4. c3 Nc6 5. Nf3 f6 6. Bd3 f5 7. h4 Be7 8. Bf4 Qb6 9. Na3 a6 10. Rb1 Bd7 11. O-O Nh6 12. dxc5 Bxc5 13. Nc2 Ng4 14. Qe2 Qd8 15. Ncd4 g6 16. g3 h6 17. Kg2 Qe7 18. Rbd1 O-O-O 19. b4 Bxd4 20. cxd4 Nxb4 21. Rb1 Nxd3 22. Qxd3 Bb5 23. Rfc1+ Kb8 24. Qd2 g5 25. hxg5 hxg5 26. Bxg5 Qd7 27. Bxd8 Rxd8 28. Rh1 Bc4 29. a3 Rf8 30. Qb4 Rg8 31. Nd2 Bb5 32. Nb3 f4 33. Nc5 Qg7 34. Nxe6 Qg6 35. Nxf4 Qe4+ 36. f3 Qc2+ 37. Kh3 Nf2+ 38. Kh4 Qh7+ 39. Nh5 Nxh1 40. Rxh1 Be8 41. g4 Bxh5 42. gxh5 Qf5 43. Qd6+ Ka8 0-1


[Site "https://www.chess.com"]

[Event "Titled Tuesday Blitz January 17 Early 2023"]
[White "Rian, Kapriaga"]
[Black "ritanovikova"]
[WhiteFideId "7103263"]
[WhiteElo "2089"]
[BlackElo "2137"]
[Result "1-0"]
[Round "08"]
[TimeControl "180+2"]
[Date "2023.01.17"]
[WhiteClock "0:00:45"]
[BlackClock "0:00:19"]

1. d4 g6 2. Nf3 Bg7 3. Bf4 d6 4. e3 c5 5. c3 Qb6 6. Qb3 Nc6 7. Nbd2 e5 8. dxe5 dxe5 9. Bg3 Be6 10. Bc4 Na5 11. Qxb6 axb6 12. Bxe6 fxe6 13. Bxe5 Nf6 14. O-O Kf7 15. Rfd1 Nc6 16. Bg3 b5 17. Ng5+ Ke7 18. Nge4 b6 19. Nxf6 Bxf6 20. Ne4 Be5 21. Bh4+ Ke8 22. a3 h6 23. Nd6+ Kf8 24. Nxb5 g5 25. Bg3 Bxg3 26. hxg3 Kf7 27. Rd7+ Kf6 28. Rad1 Ne5 29. Rb7 Nc4 30. b3 Nxa3 31. Nxa3 Rxa3 32. Rxb6 c4 33. bxc4 Rxc3 34. Rd4 Rc8 35. Re4 Re8 36. g4 h5 37. gxh5 Kf5 38. f3 g4 39. Rf4+ Ke5 40. Rb5+ Kd6 41. Rxg4 Rxe3 42. h6 Rh8 43. Rh5 e5 44. h7 Ke6 45. Rg8 1-0


[Site "https://www.chess.com"]

[Event "Titled Tuesday Blitz January 17 Early 2023"]
[White "Fathy, Elameir"]
[Black "Liimatainen, Jero"]
[WhiteFideId "10600396"]
[BlackFideId "509531"]
[WhiteElo "2300"]
[BlackElo "1948"]
[Result "1-0"]
[Round "08"]
[TimeControl "180+2"]
[Date "2023.01.17"]
[WhiteClock "0:00:24"]
[BlackClock "0:01:41"]

1. d4 Nf6 2. c4 e6 3. Nf3 Bb4+ 4. Bd2 a5 5. g3 b6 6. Bg2 Bb7 7. O-O O-O 8. Bf4 Re8 9. c5 bxc5 10. a3 cxd4 11. axb4 d6 12. bxa5 e5 13. Bg5 c5 14. Nbd2 Nbd7 15. Nc4 h6 16. Nxd6 hxg5 17. Nxb7 Qc7 18. a6 g4 19. Nd2 e4 20. Qc2 Qe5 21. Nc4 Qe6 22. Ncd6 Reb8 23. Nxe4 Rxa6 24. Nxf6+ Qxf6 25. Rxa6 Qxa6 26. Nxc5 Nxc5 27. Qxc5 1-0


[Site "https://www.chess.com"]

[Event "Titled Tuesday Blitz January 17 Early 2023"]
[White "Better_Chess_Faster"]
[Black "Degtiarev, Evgeny"]
[BlackFideId "4149610"]
[WhiteElo "2030"]
[BlackElo "2385"]
[Result "0-1"]
[Round "08"]
[TimeControl "180+2"]
[Date "2023.01.17"]
[WhiteClock "0:00:17"]
[BlackClock "0:00:10"]

1. d4 d5 2. c4 c6 3. Nf3 Nf6 4. e3 a6 5. Nbd2 b5 6. b3 Bg4 7. h3 Bxf3 8. Nxf3 e6 9. c5 a5 10. Ne5 Nfd7 11. f4 g6 12. g4 f6 13. Nd3 Qe7 14. a3 e5 15. Qe2 e4 16. Nf2 h5 17. Bg2 hxg4 18. hxg4 Rxh1+ 19. Bxh1 a4 20. b4 Qh7 21. Qf1 Bg7 22. Qh3 Qg8 23. Bd2 Nf8 24. O-O-O Ra7 25. f5 g5 26. Bg2 Re7 27. Nh1 Bh8 28. Be1 Rh7 29. Qg3 Nfd7 30. Qd6 Bg7 31. Bg3 Bf8 32. Qc7 Kf7 33. Nf2 Be7 34. Bd6 Qd8 35. Qxd8 Bxd8 36. Nh1 Na6 37. Ng3 Rh4 38. Rh1 Bc7 39. Rxh4 gxh4 40. Bxc7 Nxc7 41. Nh5 Ne8 42. Nf4 Nf8 43. Kd2 Kg7 44. Ke2 Kh6 45. Nh3 Nh7 46. Kf2 Ng5 47. Bf1 Nxh3+ 48. Bxh3 Kg5 49. Ke2 Nc7 50. Kf2 Na6 51. Ke2 Nxb4 52. axb4 a3 53. Kd2 a2 54. Kc2 a1=Q 0-1


[Site "https://www.chess.com"]

[Event "Titled Tuesday Blitz January 17 Early 2023"]
[White "Kiseleva, Arina"]
[Black "Avazkhonov, Alikhon"]
[WhiteFideId "4164989"]
[BlackFideId "14208504"]
[WhiteElo "1962"]
[BlackElo "1538"]
[Result "1-0"]
[Round "08"]
[TimeControl "180+2"]
[Date "2023.01.17"]
[WhiteClock "0:00:24"]
[BlackClock "0:00:03"]

1. d4 Nf6 2. Nf3 e6 3. e3 b6 4. Bd3 Bb7 5. Nbd2 d5 6. Ne5 Nbd7 7. O-O Bd6 8. f4 O-O 9. Qf3 c5 10. c3 Qc7 11. g4 c4 12. Bc2 g6 13. g5 Nh5 14. Qh3 f5 15. gxf6 Rxf6 16. Ng4 Rff8 17. Nf3 Kg7 18. Ng5 Rae8 19. Bd2 Ndf6 20. Nxf6 Rxf6 21. Nxh7 Rff8 22. Ng5 Qe7 23. Rf2 Rh8 24. Qg4 Nf6 25. Qg3 Rh6 26. Rg2 Reh8 27. Re1 Kf8 28. e4 dxe4 29. Nxe4 Nh5 30. Qg5 Qxg5 31. fxg5 R6h7 32. Nxd6 Bxg2 33. Kxg2 Rd7 34. Rf1+ Kg7 35. Nxc4 Rhd8 36. Ne5 Rc7 37. Bxg6 Rh8 38. Bxh5 Rxh5 39. g6 Rf5 40. Rxf5 exf5 41. Bf4 Re7 42. Kg3 Kf6 43. h4 b5 44. Bg5+ 1-0


[Site "https://www.chess.com"]

[Event "Titled Tuesday Blitz January 17 Early 2023"]
[White "MitzyCaballero"]
[Black "Chan, Kim Yew"]
[BlackFideId "5717981"]
[WhiteElo "2235"]
[BlackElo "2340"]
[Result "1-0"]
[Round "08"]
[TimeControl "180+2"]
[Date "2023.01.17"]
[WhiteClock "0:00:23"]
[BlackClock "0:00:02"]

1. d4 Nf6 2. Nf3 d5 3. c4 c6 4. e3 g6 5. Nc3 Bg7 6. Bd3 O-O 7. O-O Bg4 8. h3 Bxf3 9. Qxf3 e6 10. Qd1 Nbd7 11. b3 Qe7 12. a4 Rfd8 13. Ba3 Qe8 14. f4 c5 15. Nb5 Qe7 16. Rc1 a6 17. Nc3 Rac8 18. Qf3 b6 19. cxd5 Nxd5 20. Bxa6 Nxe3 21. Qxe3 Ra8 22. Bb5 Qd6 23. Ne2 Nf6 24. dxc5 bxc5 25. Bxc5 Qd5 26. Nc3 Qf5 27. Rfd1 Rdc8 28. b4 h5 29. Bd3 1-0


[Site "https://www.chess.com"]

[Event "Titled Tuesday Blitz January 17 Early 2023"]
[White "Mitrovic, Darko R"]
[Black "Martinez, Shawn"]
[WhiteFideId "927023"]
[BlackFideId "2039770"]
[WhiteElo "2220"]
[BlackElo "1881"]
[Result "0-1"]
[Round "08"]
[TimeControl "180+2"]
[Date "2023.01.17"]
[WhiteClock "0:00:02"]
[BlackClock "0:00:20"]

1. d4 g6 2. Nf3 Bg7 3. g3 d6 4. Bg2 a6 5. O-O Nf6 6. c4 O-O 7. Nc3 h6 8. e4 c5 9. dxc5 dxc5 10. Qxd8 Rxd8 11. Nd5 Nxd5 12. exd5 b5 13. Be3 bxc4 14. Bxc5 Rxd5 15. Bxe7 Ra7 16. Ba3 Rd3 17. Rae1 Bd7 18. Ne5 Bxe5 19. Rxe5 Be6 20. Be4 Nd7 21. Rxe6 fxe6 22. Bxd3 cxd3 23. Rd1 Ne5 24. f4 Ng4 25. Rxd3 Rc7 26. Rd6 Kf7 27. Rxa6 Rc2 28. h3 Nh2 29. g4 Nf3+ 30. Kf1 e5 31. fxe5 Nxe5 32. Ke1 h5 33. gxh5 gxh5 34. Ra5 Ke6 35. Ra6+ Kf5 36. Ra5 Ke4 37. Kd1 Rg2 38. Bd6 Nc4 0-1


[Site "https://www.chess.com"]

[Event "Titled Tuesday Blitz January 17 Early 2023"]
[White "Winkels, Marcel"]
[Black "Ciuffoletti, Paolo"]
[WhiteFideId "1003887"]
[BlackFideId "807630"]
[WhiteElo "1960"]
[BlackElo "2106"]
[Result "0-1"]
[Round "08"]
[TimeControl "180+2"]
[Date "2023.01.17"]
[WhiteClock "0:00:02"]
[BlackClock "0:00:08"]

1. d4 d5 2. Bf4 Nf6 3. Nc3 a6 4. e3 c5 5. dxc5 Nc6 6. Nf3 e6 7. Bd3 Bxc5 8. O-O O-O 9. Qe2 Re8 10. e4 d4 11. Nb1 e5 12. Bg3 Bg4 13. Nbd2 Qd7 14. h3 Bh5 15. Bh2 Bg6 16. g4 h5 17. g5 Nh7 18. Kg2 Nf8 19. Nc4 Bd6 20. Nxd6 Qxd6 21. Rad1 Ne6 22. c3 Rad8 23. Bc4 Nf4+ 24. Bxf4 exf4 25. Bd5 Qxd5 26. exd5 Rxe2 27. dxc6 bxc6 28. Rxd4 Rxd4 29. Nxd4 Rxb2 30. Nxc6 Rxa2 31. Ne7+ Kh7 32. Nxg6 Kxg6 33. Rc1 Kf5 34. c4 Rb2 35. c5 Rb7 36. c6 Rc7 37. Rc5+ Ke6 38. Kf3 Kd6 39. Rc1 Rxc6 40. Rd1+ Ke5 41. Re1+ Kf5 42. Ra1 Rc3+ 43. Ke2 Rc6 44. Ra5+ Ke4 45. f3+ Kd4 46. Ra4+ Kd5 47. Rxf4 Rc7 48. Rf5+ Ke6 49. Ra5 Ra7 50. Ke3 Kd6 51. Ke4 Kc6 52. f4 Kb6 53. Ra3 a5 54. f5 a4 55. g6 fxg6 56. fxg6 Kb5 57. Kf5 Kb4 58. Ra1 a3 59. Ke6 Kb3 60. Rb1+ Kc2 61. Rf1 a2 62. Rf7 Ra6+ 0-1


[Site "https://www.chess.com"]

[Event "Titled Tuesday Blitz January 17 Early 2023"]
[White "Kornyukov, Alexey"]
[Black "Adithya A Chullikkad"]
[WhiteFideId "4150457"]
[BlackFideId "45078734"]
[WhiteElo "2452"]
[BlackElo "2259"]
[Result "1/2-1/2"]
[Round "08"]
[TimeControl "180+2"]
[Date "2023.01.17"]
[WhiteClock "0:00:11"]
[BlackClock "0:00:04"]

1. e4 e5 2. Nf3 Nc6 3. d4 exd4 4. Nxd4 Nf6 5. Nxc6 bxc6 6. e5 Qe7 7. Qe2 Nd5 8. c4 Ba6 9. b3 g6 10. f4 d6 11. exd6 cxd6 12. Qxe7+ Nxe7 13. Bb2 Rg8 14. Nd2 f5 15. O-O-O Kd7 16. Nf3 c5 17. Ne5+ Kc7 18. Nf7 Nc6 19. Be2 Re8 20. Bf3 Bb7 21. Ng5 Bh6 22. Bd5 Bxg5 23. fxg5 Rgf8 24. Bg7 Nd4 25. Bxf8 Rxf8 26. Bxb7 Kxb7 27. Rhe1 Rf7 28. Re8 Kc6 29. Rde1 f4 30. R1e7 Rf5 31. Rc8+ Kb6 32. Rb8+ Ka6 33. h4 Nc6 34. Ree8 Nxb8 35. Rxb8 f3 36. gxf3 Rxf3 37. Rd8 Rd3 38. Kc2 Rd4 39. Kc3 Kb6 40. b4 Rxh4 41. Rxd6+ Kc7 42. bxc5 Rh3+ 43. Kb4 Rh2 44. a4 Rg2 45. Rd5 Rb2+ 46. Ka3 Rc2 47. Kb3 Rg2 48. Re5 Rg3+ 49. Kb4 Rg2 50. Re7+ Kc6 51. Rxa7 Rxg5 52. Rxh7 Rg2 53. Rh8 Rb2+ 54. Kc3 Rg2 55. a5 Kxc5 56. Rc8+ Kd6 57. a6 Ra2 58. Rd8+ Kc7 59. Rg8 Rxa6 60. Rg7+ Kb8 61. Kb4 Rb6+ 62. Kc5 Rf6 63. Kb5 Rf5+ 64. c5 Rf6 65. c6 Rf2 66. Rg8+ Kc7 67. Rg7+ Kb8 68. Rxg6 Rb2+ 69. Ka5 Ra2+ 70. Kb4 Rb2+ 71. Kc3 Rb6 72. Kc4 Rb1 73. Kd5 Rd1+ 74. Kc5 Rc1+ 75. Kd6 Rd1+ 76. Ke7 Kc8 77. Ke6 Rc1 78. Kd5 Rd1+ 79. Kc5 Rc1+ 80. Kd6 Rd1+ 81. Kc5 Rc1+ 82. Kb4 Rb1+ 83. Kc4 Rc1+ 84. Kd4 Rd1+ 85. Kc3 Rc1+ 86. Kd4 Rd1+ 87. Kc4 Rc1+ 88. Kb4 Rb1+ 89. Ka3 Ra1+ 90. Kb2 Ra5 91. Kb3 Ra1 92. Kc2 Ra2+ 93. Kb3 Ra1 94. Rg7 Rc1 95. Rg6 Kc7 96. Kb4 Rxc6 97. Rg7+ Kb6 1/2-1/2


[Site "https://www.chess.com"]

[Event "Titled Tuesday Blitz January 17 Early 2023"]
[White "Thiel, Thomas"]
[Black "Necula, Iulian"]
[WhiteFideId "4615964"]
[BlackFideId "1232380"]
[WhiteElo "2234"]
[BlackElo "1851"]
[Result "1-0"]
[Round "08"]
[TimeControl "180+2"]
[Date "2023.01.17"]
[WhiteClock "0:02:05"]
[BlackClock "0:00:16"]

1. e4 c5 2. Nc3 d6 3. f4 g6 4. Nf3 Bg7 5. Bc4 e6 6. O-O Ne7 7. d3 Nbc6 8. f5 gxf5 9. Qe1 fxe4 10. dxe4 Ne5 11. Nxe5 Bxe5 12. Bg5 Rg8 13. Qh4 Rxg5 14. Qxg5 Ng6 15. Qxd8+ Kxd8 16. Rxf7 Bd7 17. Bb5 Bxb5 18. Nxb5 a6 19. Nc7 Rc8 20. Nxe6+ Ke8 21. Raf1 Bxb2 22. Rxb7 Bd4+ 23. Kh1 c4 24. Nxd4 1-0


[Site "https://www.chess.com"]

[Event "Titled Tuesday Blitz January 17 Early 2023"]
[White "Clawitter, Craig"]
[Black "Stead, Kerry"]
[WhiteFideId "2023105"]
[BlackFideId "3202577"]
[WhiteElo "2050"]
[BlackElo "1908"]
[Result "1-0"]
[Round "08"]
[TimeControl "180+2"]
[Date "2023.01.17"]
[WhiteClock "0:01:14"]
[BlackClock "0:01:58"]

1. e4 c6 2. d4 d5 3. e5 Bf5 4. Nf3 e6 5. Be2 c5 6. Be3 Nc6 7. O-O cxd4 8. Nxd4 Nxd4 9. Qxd4 a6 10. c4 dxc4 11. Qxc4 Rc8 12. Qb3 b5 13. Nc3 Bc5 14. Nxb5 Bxe3 15. Nd6+ Kf8 16. Nxc8 Bxf2+ 17. Rxf2 Qxc8 18. Qc3 Qb7 19. Rd1 Ne7 20. Rd8# 1-0


[Site "https://www.chess.com"]